 Dungeon Crawl Stone Soup version 0.20.0-15-g7f486f2 (webtiles) character file.

147 renl the Chopper (level 5, 0/47 HPs)
             Began as a Hill Orc Monk on July 1, 2017.
             Was a Follower of the Shining One.
             Slain by an orc warrior
             ... wielding a +0 trident
              (10 damage)
             ... on level 3 of the Dungeon.
             The game lasted 00:08:24 (2343 turns).

renl the Chopper (Hill Orc Monk)                    Turns: 2343, Time: 00:08:25

Health: 0/47       AC:  6    Str: 15    XL:     5   Next: 29%
Magic:  2/5        EV: 11    Int: 10    God:    the Shining One [*.....]
Gold:   140        SH:  6    Dex: 13    Spells: 4/4 levels left

rFire    . . .     SeeInvis .   a - +0 hand axe
rCold    . . .     Gourm    .   (no shield)
rNeg     . . .     Faith    .   m - +0 ring mail
rPois    .         Spirit   .   (no helmet)
rElec    .         Reflect  .   (no cloak)
rCorr    .         Harm     .   (no gloves)
MR       .....                  n - +0 pair of boots (curse)
Stlth    +.........             (no amulet)
Regen    0.2/turn               (no ring)
MPRegen  0.1/turn               (no ring)

@: divine shield, glowing
A: no striking features
a: Renounce Religion


You were on level 3 of the Dungeon.
You worshipped the Shining One.
The Shining One was aware of your devotion.
You were not hungry.

You visited 1 branch of the dungeon, and saw 3 of its levels.

You collected 140 gold pieces.

Inventory:

Hand Weapons
 a - a +0 hand axe (weapon)
Armour
 m - a +0 ring mail (worn)
 n - a cursed +0 pair of boots (worn)
Wands
 o - a wand of acid (6/15)
 r - a wand of disintegration (12/24)
Scrolls
 d - a scroll of noise {unknown}
 g - 2 scrolls of remove curse {unknown}
 h - a scroll of enchant armour {unknown}
 k - a scroll of magic mapping {unknown}
 l - a scroll of enchant weapon {unknown}
 q - a scroll of random uselessness {unknown}
Potions
 e - 2 potions of berserk rage {unknown}
 i - 2 potions of curing {unknown}
 p - a potion of resistance {unknown}
Comestibles
 b - a royal jelly
 c - 2 bread rations
 j - 3 meat rations


   Skills:
 + Level 4.7 Fighting
 * Level 6.8 Axes
 + Level 0.2 Armour
 - Level 2.4 Dodging
 - Level 1.5 Stealth


You had 4 spell levels left.
You didn't know any spells.

Dungeon Overview and Level Annotations

Branches:
Dungeon (3/15)

Altars:
Trog
The Shining One

Annotations:
D:3 1 transporter


Message History

A divine shield forms around you!
You feel slightly more hungry.
You can no longer call upon the Shining One for a divine shield.
The bat barely misses you. The hound misses you.
The orc warrior hits you from afar with a trident!
The hound bites you. The bat hits you but does no damage.
You block the orc warrior's attack. The two-headed ogre closely misses you.
The two-headed ogre hits you with a giant club!
* * * LOW HITPOINT WARNING * * *
You see here 8 gold pieces.
The bat hits you but does no damage. The orc warrior misses you.
The hound bites you.
* * * LOW HITPOINT WARNING * * *
You see here 14 gold pieces.
The bat hits you but does no damage.
The hound stops to sniff the ground.
The bat barely misses you. The bat closely misses you.
The orc warrior hits you from afar with a trident!
You die...

#...#.#...............[....#####.
........).....#.....©......# #.
##.##....##.##..#########..# #.
#.##..).##.##.##8.....8##.# #.
#.......#.....#.........#.# #.
###.....#.....#..#...#..#.# #.
#.....#.....#.#.....#.#.# #.
#.....#.....#©........#.# #.
#.#.....#...#@#.....#.#.# #)
#.#.....#...#.b#...#..#.# #.
#.#.....#...#.OoJ$$(..#.# #.
#.#.....#...##8h$_%$8##.#####.
#.#.....#....#########........
#.#.....#..............#######
#.........................#
######.....###.###...........#
...........# #..##...........#


You could see a two-headed ogre, an orc warrior, a hound, a jelly and a bat.

Vanquished Creatures
  A worker ant (D:3)
  3 adders
  3 worms
  3 dart slugs
  A leopard gecko (D:1)
  4 orcs (D:3)
  5 giant cockroaches
  5 hobgoblins
  5 jackals (D:1)
  2 quokkas (D:2)
  2 ball pythons (D:1)
  12 bats
  5 frilled lizards
  6 goblins
  8 kobolds
  15 rats
  2 fungi (D:1)
82 creatures vanquished.

Notes
Turn   | Place    | Note
-------+----------+-------------------------------------------
     0 | D:1      | renl the Hill Orc Monk began the quest for the Orb.
     0 | D:1      | Reached XP level 1. HP: 19/19 MP: 1/1
   164 | D:1      | Reached XP level 2. HP: 22/27 MP: 2/2
   306 | D:1      | Reached XP level 3. HP: 30/33 MP: 3/3
   437 | D:1      | Reached skill level 5 in Axes
  1117 | D:2      | Reached XP level 4. HP: 38/41 MP: 4/4
  1287 | D:2      | Found a bloodstained altar of Trog.
  1696 | D:3      | Reached skill level 6 in Axes
  1731 | D:3      | Found a transporter.
  1731 | D:3      | Noticed an orc warrior
  1732 | D:3      | Noticed a two-headed ogre
  1733 | D:3      | Found a glowing golden altar of the Shining One.
  1774 | D:3      | Found a transporter.
  1793 | D:3      | Reached XP level 5. HP: 24/47 MP: 5/5
  2337 | D:3      | Became a worshipper of the Shining One
  2337 | D:3      | Reached * piety under the Shining One
  2337 | D:3      | Reached ** piety under the Shining One
  2343 | D:3      | Slain by an orc warrior

Skill      XL: |  1  2  3  4 |
---------------+-------------+-----
Fighting       | 4 |  4.7
Axes           | 5 6 |  6.8
Armour         | |  0.2
Dodging        | |  2.4
Stealth        | |  1.5

Action                   |  1- 3 |  4- 6 || total
-------------------------+-------+-------++-------
Melee: Hand axe          |   147 |   125 ||   272
Invok: Divine Shield     |       |     1 ||     1
 Stab: Sleeping          |     4 |       ||     4
  Eat: Chunk             |     1 |     4 ||     5
Armor: Robe              |    21 |     4 ||    25
       Ring mail         |       |    34 ||    34
Dodge: Dodged            |    83 |    91 ||   174
Block: Other             |       |     1 ||     1
